 Dungeon Crawl Stone Soup version 0.29.0-4-gdea44cf6ec (webtiles) character file.

Game seed: 15165049366559070535

353 qw the Chopper (level 6, -2/53 HPs)
             Began as a Minotaur Fighter on Sept 8, 2022.
             Slain by Pikel
             ... wielding a +0 whip of flaming
              (3 damage)
             ... on level 4 of the Dungeon.
             The game lasted 00:01:11 (3204 turns).

qw the Chopper (Minotaur Fighter)                   Turns: 3204, Time: 00:01:12

Health: -2/53      AC:  8    Str: 22    XL:     6   Next: 35%
Magic:  5/5        EV:  9    Int:  5    God:
Gold:   100        SH:  4    Dex: 10    Spells: 5/5 levels left

rFire   . . .      SeeInvis .   Y - +0 war axe
rCold   . . .      Faith    .   c - +0 buckler
rNeg    . . .      Spirit   .   b - +0 scale mail
rPois   .          Reflect  .   (helmet restricted)
rElec   .          Harm     .   (no cloak)
rCorr   .          Rampage  .   (no gloves)
Will    .....                   e - +0 pair of boots
Stlth   ..........              (no amulet)
HPRegen 0.17/turn               (no ring)
MPRegen 0.09/turn               (no ring)

@: about to teleport
A: horns 2, retaliatory headbutt
a: no special abilities


You were on level 4 of the Dungeon.
You visited 1 branch of the dungeon, and saw 4 of its levels.

You collected 100 gold pieces.


Innate Abilities, Weirdness & Mutations

You have a pair of horns on your head.
You reflexively headbutt those who attack you in melee.


   Skills:
 - Level 4.5 Fighting
 + Level 7.6 Axes
 - Level 3.6 Armour
 - Level 1.0 Dodging
 - Level 3.6 Shields


You had 5 spell levels left.
You didn't know any spells.
Your spell library was empty.

Inventory:

Hand Weapons
 a - a +4 morningstar of protection
 Y - a +0 war axe (weapon)
Armour
 b - a +0 scale mail (worn)
 c - a +0 buckler (worn)
 e - a +0 pair of boots (worn)
 f - a +0 plate armour
Scrolls
 j - a scroll of teleportation
Potions
 d - a potion of might
 g - a potion of haste {unknown}
 k - a potion of lignification {unknown}

Dungeon Overview and Level Annotations

Branches:
Dungeon (4/15)
 Temple: D:4-7

Altars:
Cheibriados
Kikubaaqudgha
Okawaru
Yredelemnul

Shops:
D:1 =   D:2 :

Annotations:
D:4 Pikel


Message History

A lemure comes into view.
You miss the lemure.
The lemure is severely wounded.
You miss Pikel. The lemure barely misses you. You furiously retaliate!
You headbutt the lemure!
A lemure comes into view.
You block Pikel's attack. The lemure hits you but does no damage.
Pikel zaps a wand.
The puff of flame hits you!
The lemure shouts!
You hit the lemure but do no damage.
The lemure is almost dead.
You closely miss Pikel. You block the lemure's attack.
Pikel zaps a wand.
The puff of flame hits you!
You hit the lemure.
You kill the lemure!
That felt strangely unrewarding.
You barely miss Pikel. Pikel barely misses you.
You hit Pikel.
Pikel is lightly wounded.
You hit the lemure but do no damage. The lemure hits you.
Pikel hits you with a +0 whip of flaming.
Pikel burns you.
You hit Pikel but do no damage. Your headbutt misses Pikel.
Pikel is lightly wounded.
You hit the lemure but do no damage. The lemure hits you.
Pikel zaps a wand.
The puff of flame hits you!
3203 ||| READING 2 scrolls of teleportation.
As you read the scroll of teleportation, it crumbles to dust.
You feel strangely unstable.
Pikel hits you with a +0 whip of flaming.
Pikel burns you.
You closely miss Pikel.
Pikel is lightly wounded.
You miss the lemure. You completely miss the lemure.
You block the lemure's attack. The lemure hits you. You block Pikel's attack.
The lemure closely misses you. The lemure hits you.
Pikel hits you with a +0 whip of flaming.
Pikel burns you.
You die...

.....# .....# <#...####
........#######
..............#
........#####.# #
##...#### #.# .#
#...########.#####..####
#..............@5.......
##########.#....5K...####
...........##.######.#
...##########.# ..
......[# #.# ## ######.#
#.# .## #.# #.# #.#
#.######.# #.# #........#


You could see Pikel and 2 lemures.

Vanquished Creatures
  A sky beast (D:4)
  2 lemures (D:4)
  A phantom (D:4)
  Natasha (thrice) (D:2)
  7 adders
  2 worms
  2 dart slugs
  4 orcs (D:3)
  2 bats
  2 endoplasms
  A giant cockroach (D:1)
  5 hobgoblins
  7 kobolds
  4 quokkas
  3 ball pythons
  3 frilled lizards
  2 goblins
  5 rats
56 creatures vanquished.

Notes
Turn   | Place    | Note
-------+----------+-------------------------------------------
     0 | D:1      | qw the Minotaur Fighter began the quest for the Orb.
     0 | D:1      | Reached XP level 1. HP: 19/19 MP: 0/0
     0 | D:1      | 0 ||| qw: Version: 0.1-a-112-g44dc6cd
     0 | D:1      | 0 ||| qw: Game counter: 6677
     0 | D:1      | 0 ||| qw: Always use a shield: true
     0 | D:1      | 0 ||| qw: God list: Ru
     0 | D:1      | 0 ||| qw: Allow faded altars: false
     0 | D:1      | 0 ||| qw: Do Orc after D:15 true
     0 | D:1      | 0 ||| qw: Do second Lair branch before Depths: true
     0 | D:1      | 0 ||| qw: Lair rune preference: random
     0 | D:1      | 0 ||| qw: Plans: Normal
     0 | D:1      | 0 ||| PLANNING D:1-11
    29 | D:1      | Found Cutroagg's One-of-a-Kind Rings.
    40 | D:1      | 40 ||| SHOPLISTING +2 ring of protection (110 gold, have
                  | 0).
    40 | D:1      | 40 ||| SHOPLISTING +2 ring of strength (33 gold, have 0).
    40 | D:1      | 40 ||| SHOPLISTING +5 ring of slaying (1250 gold, have 0).
    40 | D:1      | 40 ||| SHOPLISTING +7 ring of evasion (1138 gold, have 0).
    40 | D:1      | 40 ||| SHOPLISTING +7 ring of protection (1138 gold, have
                  | 0).
    40 | D:1      | 40 ||| SHOPLISTING ring "Ikaethru" {rC+ Int+2} (398 gold,
                  | have 0).
    40 | D:1      | 40 ||| SHOPLISTING ring of Tiujeeth {rPois rC+} (398 gold,
                  | have 0).
   150 | D:1      | Reached skill level 3 in Axes
   264 | D:1      | Found a faded altar of an unknown god.
   444 | D:1      | Reached XP level 2. HP: 26/26 MP: 1/1
   466 | D:1      | 466 ||| Stepping ~*~*~tactically~*~*~ (stealth).
   469 | D:1      | 469 ||| Stepping ~*~*~tactically~*~*~ (stealth).
   981 | D:1      | 981 ||| DROPPING ring of magical power.
   982 | D:1      | 982 ||| READING scroll labelled YHODAZACVAN.
  1122 | D:1      | 1122 ||| READING 2 scrolls labelled NYB YRAPTOGU.
  1123 | D:1      | 1123 ||| READING scroll labelled ZECEDUC VEWUNE.
  1124 | D:1      | 1124 ||| READING 3 scrolls labelled QIROMOREHA.
  1128 | D:1      | 1128 ||| READING scroll labelled PUSAR DACO.
  1129 | D:1      | 1129 ||| DROPPING scroll of immolation.
  1130 | D:1      | 1130 ||| READING 2 scrolls of teleportation.
  1268 | D:2      | Noticed Natasha
  1273 | D:2      | Killed Natasha
  1274 | D:2      | Reached skill level 4 in Axes
  1274 | D:2      | Reached XP level 3. HP: 31/31 MP: 2/2
  1346 | D:2      | Noticed Natasha
  1354 | D:2      | Killed Natasha
  1355 | D:2      | Reached skill level 5 in Axes
  1355 | D:2      | Reached XP level 4. HP: 22/39 MP: 3/3
  1502 | D:2      | Found Fihulo's Book Shoppe.
  1580 | D:2      | Reached skill level 1 in Dodging
  1723 | D:2      | Noticed Natasha
  1724 | D:2      | 1724 ||| Stepping ~*~*~tactically~*~*~ (hiding).
  1725 | D:2      | 1725 ||| Stepping ~*~*~tactically~*~*~ (hiding).
  1732 | D:2      | Killed Natasha
  1733 | D:2      | Reached skill level 6 in Axes
  1927 | D:2      | Reached XP level 5. HP: 44/45 MP: 4/4
  2126 | D:2      | 2126 ||| DROPPING orb of mayhem.
  2127 | D:2      | 2127 ||| READING scroll labelled HUOROC QACEHUNUYD.
  2128 | D:2      | 2128 ||| READING scroll labelled GIECEMNORO.
  2158 | D:3      | 2158 ||| Stepping ~*~*~tactically~*~*~ (stealth).
  2159 | D:3      | 2159 ||| Stepping ~*~*~tactically~*~*~ (stealth).
  2161 | D:3      | 2161 ||| Stepping ~*~*~tactically~*~*~ (hiding).
  2162 | D:3      | 2162 ||| Stepping ~*~*~tactically~*~*~ (hiding).
  2176 | D:3      | 2176 ||| FLEEEEING.
  2186 | D:3      | 2186 ||| STAIRDANCE
  2338 | D:2      | 2338 ||| DROPPING +0 club.
  2379 | D:3      | 2379 ||| Stepping ~*~*~tactically~*~*~ (stealth).
  2963 | D:3      | 2963 ||| UPGRADING to +0 pair of boots.
  2968 | D:3      | 2968 ||| DRINKING 2 golden potions.
  2969 | D:3      | 2969 ||| DROPPING potion of attraction.
  2979 | D:4      | Noticed a sky beast
  2983 | D:4      | Killed a sky beast
  2984 | D:4      | Reached skill level 7 in Axes
  2984 | D:4      | Reached XP level 6. HP: 51/51 MP: 5/5
  3043 | D:4      | Found an iron altar of Okawaru.
  3046 | D:4      | Found a snail-covered altar of Cheibriados.
  3049 | D:4      | Found a basalt altar of Yredelemnul.
  3052 | D:4      | Found an ancient bone altar of Kikubaaqudgha.
  3193 | D:4      | 3193 ||| Stepping ~*~*~tactically~*~*~ (stealth).
  3195 | D:4      | Noticed Pikel
  3202 | D:4      | HP: 13/53 [Pikel/puff of flame (8)]
  3203 | D:4      | 3203 ||| READING 2 scrolls of teleportation.
  3204 | D:4      | HP: 6/53 [lemure[Pikel] (3)]
  3204 | D:4      | HP: 1/53 [Pikel/+0 whip of flaming (5)]
  3204 | D:4      | Slain by Pikel

Levels and vault maps discovered:
D:1:      matt_arrival_diagonals, layout_loops_corners,
          hellmonk_ecumenical_altar_heavens_door, nicolae_shop_unique_rings,
          hangedman_decor_growths, ebering_dispersal_statue_hall
D:2:      layout_basic, serial_shops, shop, chequers_serial_rivers_large_a,
          kennysheep_decorative_pillar, uniq_natasha
D:3:      layout_basic
D:4:      layout_loops_ring, worldfamousw_hep_ancestral_shrine,
          grunt_temple_overflow_cloverleaf, uniq_grinder, uniq_duvessa,
          uniq_pikel, uniq_eustachio

Skill      XL: |  1  2  3  4  5  6 |
---------------+-------------------+-----
Axes           | 3 4 5 6 7 |  7.6
Dodging        | 1 |  1.0
Fighting       | 4 |  4.5
Armour         | |  3.6
Shields        | |  3.6

Action                   |  1- 3 |  4- 6 || total
-------------------------+-------+-------++-------
Melee: War axe           |    55 |    86 ||   141
       Headbutt          |     7 |    15 ||    22
  Use: Scroll            |     6 |     3 ||     9
       Potion            |       |     1 ||     1
Armor: Scale mail        |    22 |    28 ||    50
Dodge: Dodged            |    21 |    25 ||    46
Block: Buckler           |     8 |    17 ||    25

Table legend:
 A = Non-vault XP
 B = Vault XP
 C = Vault XP percentage of total XP
 D = Non-vault monster count
 E = Vault monster count
 F = Vault count percentage of total count
                 A         B        C        D         E       F
            +---------+---------+-------+---------+---------+-------
      Total |     470 |      35 |   6.9 |      53 |       1 |   1.9
            +---------+---------+-------+---------+---------+-------
        D:1 |      24 |       0 |   0.0 |      14 |       0 |   0.0
        D:2 |     143 |      35 |  19.7 |      16 |       1 |   5.9
        D:3 |      76 |       0 |   0.0 |      20 |       0 |   0.0
        D:4 |     227 |       0 |   0.0 |       3 |       0 |   0.0
            +---------+---------+-------+---------+---------+-------
